AoeStats
← 啊超

Black Forest

505247868Analyzed
4v4 RM · 23d ago on Sep 8, 2026· 62m 37s· 8 players
Game mode
Random Map
Map size
Large (8 player)
Population
200
Speed
Normal
Resources
Standard
Victory
Conquest
Starting age
Dark Age
Ending age
Imperial Age
RankedLock teamsTeams togetherTeam positionsShared explorationLock speedFull tech treeHidden civsTurbo modeCheats
Victory
Defeat
🇺🇸 Aztecs · United States
1028
+17
🇷🇺 Lithuanians · Russia
1017
+17
🇨🇱 Vietnamese · Chile
969
+19
🇪🇸 Celts · Spain
943
+20
🇵🇱 Bohemians · Poland
1063
-19
🇮🇹 Ethiopians · Italy
1056
-19
🇨🇳 Berbers · China
1055
-19
🇩🇪 Franks · Germany
987
-16
guachalin
0:28 Loom
15:48 Feudal Age
17:09 Double-Bit Axe
22:13 Castle Age
23:29 Bow Saw
23:17 Gold Mining
25:25 Horse Collar
27:09 Ballistics
36:03 Fletching
37:42 Fortified Wall
38:32 Wheelbarrow
38:41 Treadmill Crane
38:58 Bodkin Arrow
40:17 Husbandry
40:27 Bloodlines
40:20 Padded Archer Armor
40:25 Heavy Plow
41:15 Chatras
42:44 Hand Cart
43:31 Caravan
48:25 Imperial Age
46:13 Leather Archer Armor
46:04 Scale Barding Armor
46:10 Forging
45:26 Elite Skirmisher
46:10 Town Watch
47:04 Thumb Ring
49:15 Guard Tower
50:25 Chemistry
49:18 Heated Shot
50:43 Two-Man Saw
50:24 Crop Rotation
49:36 Imperial Skirmisher
51:15 Keep
51:19 Ring Archer Armor
50:50 Bracer
51:41 Chain Barding Armor
51:57 Iron Casting
51:50 Stone Mining
54:18 Paper Money
53:26 Elite Rattan Archer
55:57 Elite Battle Elephant
GilgameshAkaChad
4:46 Loom
12:28 Feudal Age
13:03 Double-Bit Axe
13:00 Horse Collar
15:28 Town Watch
16:47 Wheelbarrow
19:02 Castle Age
20:46 Bow Saw
20:38 Heavy Plow
23:00 Fervor
23:36 Gold Mining
23:40 Stone Mining
25:03 Hand Cart
25:54 Scale Mail Armor
25:59 Padded Archer Armor
27:20 Eagle Warrior
28:01 Squires
28:26 Chain Mail Armor
29:29 Forging
31:59 Iron Casting
35:54 Imperial Age
37:07 Plate Mail Armor
37:39 Blast Furnace
37:12 Elite Eagle Warrior
38:15 Siege Engineers
39:29 Leather Archer Armor
39:41 Garland Wars
39:43 Conscription
39:30 Arson
39:36 Pikeman
43:45 Fletching
47:59 Bodkin Arrow
48:20 Caravan
52:24 Chemistry
51:06 Treadmill Crane
55:12 Bracer
60:45 Town Patrol
61:09 Ballistics
60:44 Murder Holes
61:21 Man-at-Arms
61:46 Gambesons
WhatDaFuq
4:55 Loom
17:14 Feudal Age
22:49 Castle Age
22:33 Wheelbarrow
21:44 Double-Bit Axe
23:00 Pikeman
27:49 Husbandry
27:10 Light Cavalry
36:16 Scale Mail Armor
36:26 Forging
41:00 Imperial Age
42:52 Imperial Age
48:48 Hand Cart
48:04 Capped Ram
50:22 Halberdier
53:18 Bow Saw
52:57 Town Watch
54:11 Chain Mail Armor
54:32 Iron Casting
54:43 Stone Mining
54:46 Gold Mining
54:40 Horse Collar
55:29 Siege Ram
58:01 Furor Celtica
Ray
7:46 Loom
12:44 Feudal Age
16:57 Castle Age
16:32 Double-Bit Axe
16:29 Horse Collar
18:16 Heavy Plow
21:53 Bow Saw
21:40 Gold Mining
21:42 Stone Mining
24:38 Town Watch
25:25 Town Patrol
26:07 Wheelbarrow
30:21 Hand Cart
30:22 Scale Barding Armor
30:28 Forging
34:00 Chain Barding Armor
34:15 Iron Casting
35:22 Stone Shaft Mining
37:43 Ballistics
37:34 Masonry
39:57 Imperial Age
37:41 Fortified Wall
37:27 Murder Holes
38:55 Bloodlines
38:46 Husbandry
39:33 Caravan
39:18 Light Cavalry
40:07 Elite Leitis
41:23 Hoardings
41:09 Conscription
41:03 Tower Shields
41:04 Hill Forts
42:02 Plate Barding Armor
42:51 Cavalier
42:53 Winged Hussar
47:32 Paladin
54:04 Fletching
54:14 Padded Archer Armor
54:59 Elite Skirmisher
55:45 Thumb Ring
56:44 Chemistry
55:26 Treadmill Crane
56:27 Architecture
56:00 Bodkin Arrow
57:00 Imperial Skirmisher
Walls vs Zombies 2009
MUMINEK
4:29 Loom
13:46 Feudal Age
14:22 Double-Bit Axe
14:44 Horse Collar
20:39 Castle Age
27:54 Pikeman
30:51 Scale Mail Armor
31:01 Forging
30:56 Squires
34:10 Wheelbarrow
34:18 Wheelbarrow
35:00 Chemistry
38:41 Imperial Age
37:13 Chain Mail Armor
37:21 Heavy Plow
38:10 Hand Cart
38:49 Halberdier
40:08 Iron Casting
40:05 Plate Mail Armor
39:18 Houfnice
40:15 Wagenburg Tactics
40:57 Bow Saw
41:34 Fletching
42:21 Conscription
49:54 Murder Holes
50:10 Masonry
54:31 Blast Furnace
60:20 Elite Hussite Wagon
VoicedChart8909
1:32 Loom
13:04 Feudal Age
17:57 Castle Age
15:59 Double-Bit Axe
22:50 Crossbowman
29:09 Wheelbarrow
29:24 Town Watch
34:06 Wheelbarrow
35:07 Hand Cart
38:53 Imperial Age
37:51 Fletching
38:02 Padded Archer Armor
38:10 Thumb Ring
38:31 Gold Mining
38:31 Stone Mining
38:54 Bow Saw
39:37 Town Patrol
38:59 Arbalester
39:04 Capped Ram
41:06 Halberdier
41:46 Squires
42:45 Gold Shaft Mining
43:25 Stone Shaft Mining
43:07 Bodkin Arrow
43:28 Leather Archer Armor
43:25 Forging
44:16 Siege Ram
45:07 Arson
46:35 Chemistry
49:21 Heavy Scorpion
50:38 Siege Engineers
50:54 Ballistics
51:12 Iron Casting
50:38 Bracer
51:08 Ring Archer Armor
51:04 Conscription
52:20 Elite Skirmisher
56:02 Blast Furnace
55:36 Caravan
57:38 Light Cavalry
58:20 Husbandry
58:28 Cavalier
60:46 Two-Man Saw
59:48 Horse Collar
59:39 Hussar
啊超
0:29 Loom
15:37 Feudal Age
19:53 Castle Age
17:59 Double-Bit Axe
18:25 Horse Collar
29:42 Fletching
29:53 Padded Archer Armor
30:55 Bloodlines
30:46 Husbandry
30:49 Gold Mining
31:15 Bow Saw
35:10 Imperial Age
33:21 Bodkin Arrow
33:42 Leather Archer Armor
33:31 Arson
35:14 Gold Shaft Mining
34:32 Stone Mining
35:47 Ballistics
36:38 Heavy Camel Rider
36:50 Elite Camel Archer
38:41 Chemistry
38:47 Wheelbarrow
39:52 Forging
39:48 Scale Barding Armor
41:49 Bracer
42:20 Ring Archer Armor
41:36 Treadmill Crane
44:25 Iron Casting
44:10 Chain Barding Armor
46:46 Light Cavalry
51:13 Blast Furnace
50:49 Plate Barding Armor
50:17 Hussar
52:36 Maghrebi Camels
54:16 Caravan
54:47 Coinage
54:28 Guilds
60:30 Banking
61:32 Kasbah
61:41 Heavy Scorpion
Connection lost

Rejoining the realm…

Still unreachable

The connection could not be restored.

Session expired

The server has moved on; the page needs a fresh start.